 Dungeon Crawl Stone Soup version 0.28-a0-1629-gf728b707aa (webtiles) character file.

Game seed: 5970359051317978981

7175 HallandMoats the Royal Jelly (level 11, -3/92 HPs)
             Began as a Ghoul Fighter on Jan 25, 2022.
             Was the Champion of Jiyva.
             Slain by Urug (4 damage)
             ... on level 10 of the Dungeon.
             The game lasted 00:15:55 (8408 turns).

HallandMoats the Royal Jelly (Ghoul Fighter)        Turns: 8408, Time: 00:15:56

Health: -3/92      AC: 14    Str: 21    XL:     11   Next: 11%
Magic:  16/16      EV:  7    Int:  5    God:    Jiyva [******]
Gold:   366        SH:  5    Dex: 10    Spells: 10/10 levels left

rFire   . . .      SeeInvis +   b - +7 hunting sling (freeze)
rCold   + . .      Faith    .   c - +0 buckler
rNeg    + + +      Spirit   .   L - +0 plate armour
rPois   ∞          Reflect  .   v - +0 helmet
rElec   .          Harm     .   (no cloak)
rCorr   +          Rampage  .   (no gloves)
Will    +....                   (no boots)
Stlth   ..........              (no amulet)
HPRegen 1.60/turn               j - ring of willpower
MPRegen 0.65/turn               E - ring of see invisible

@: inhibited regen
A: claws 1, cold resistance 1, negative energy resistance 3, inhibited
regeneration, torment resistance 2
a: Renounce Religion, Oozemancy, Slimify


You were on level 10 of the Dungeon.
You worshipped Jiyva.
Jiyva was exalted by your worship.
You visited 2 branches of the dungeon, and saw 11 of its levels.
You also visited: Sewer.

You collected 366 gold pieces.

Inventory:

Hand Weapons
 a - a +1 hand axe of venom
 b - a +7 hunting sling of freezing (weapon)
 t - a +1 vampiric halberd
 y - a +0 trident
Missiles
 z - 51 sling bullets
 A - 64 stones (quivered ammo)
Armour
 c - a +0 buckler (worn)
 l - +0 swamp dragon scales
 v - a +0 helmet (worn)
 w - a +3 leather armour of fire resistance
 L - a +0 plate armour (worn)
Jewellery
 j - a ring of willpower (left claw)
 r - a ring of fire
 E - a ring of see invisible (right claw)
 K - a +6 ring of intelligence
Wands
 g - a wand of flame (19)
 m - a wand of digging (5)
Scrolls
 d - 3 scrolls of teleportation {unknown}
 e - 3 scrolls of fear {unknown}
 f - a scroll of amnesia {unknown}
 k - a scroll of vulnerability {unknown}
 n - a scroll of holy word {unknown}
 u - a scroll of enchant armour {unknown}
 x - a scroll of enchant weapon {unknown}
 B - a scroll of torment {unknown}
 F - 3 scrolls of identify {unknown}
 H - a scroll of magic mapping {unknown}
 J - a scroll of fog {unknown}
Potions
 h - 2 potions of magic
 i - 2 potions of brilliance {unknown}
 o - a potion of berserk rage {unknown}
 p - 2 potions of curing {unknown}
 q - 3 potions of heal wounds {unknown}
 s - 2 potions of degeneration {unknown}
 C - a potion of lignification {unknown}
 D - a potion of mutation {unknown}
 G - a potion of cancellation {unknown}
 I - 2 potions of flight {unknown}


   Skills:
 + Level 7.5 Fighting
 - Level 6.1 Polearms
 * Level 5.4 Slings
 + Level 6.3 Armour
 + Level 5.6 Dodging
 - Level 5.0 Shields
 + Level 8.7 Invocations


You had 10 spell levels left.
You didn't know any spells.
Your spell library contained the following spells:

 Spells                   Type           Power      Damage    Failure   Level
 Freeze                   Ice            0%         1d3       100%        1
 Magic Dart               Conj           0%         1d3       100%        1
 Summon Small Mammal      Summ           0%         N/A       100%        1
 Call Imp                 Summ           0%         N/A       100%        2
 Passwall                 Tmut/Erth      0%         N/A       100%        2
 Call Canine Familiar     Summ           0%         N/A       100%        3
 Frozen Ramparts          Ice            0%         1d2       100%        3
 Ignite Poison            Fire/Tmut/Pois 0%         N/A       100%        3
 Mephitic Cloud           Conj/Pois/Air  0%         N/A       100%        3
 Portal Projectile        Hex/Tloc       0%         N/A       100%        3
 Stone Arrow              Conj/Erth      0%         3d7       100%        3
 Summon Guardian Golem    Hex/Summ       0%         N/A       100%        3
 Anguish                  Hex/Necr       0%         N/A       100%        4
 Animate Armour           Summ/Erth      0%         N/A       100%        4
 Hailstorm                Conj/Ice       0%         3d3       100%        4
 Petrify                  Tmut/Erth      0%         N/A       100%        4
 Borgnjor's Vile Clutch   Necr/Erth      0%         N/A       100%        5
 Fireball                 Conj/Fire      0%         3d3       100%        5
 Freezing Cloud           Conj/Ice/Air   0%         6-21      100%        5
 Irradiate                Conj/Tmut      0%         3d14      100%        5
 Starburst                Conj/Fire      0%         6d3       100%        6
 Ignition                 Fire           0%         3d3       100%        8
 Lehudib's Crystal Spear  Conj/Erth      0%         10d2      100%        8
 Sublimation of Blood     Necr           Unusable   N/A       N/A         2

Dungeon Overview and Level Annotations

Branches:
Dungeon (10/15)            Temple (1/1) D:4            Lair (0/6) D:9
  Sewer (visited)
    Orc: D:9-12

Altars:
Ashenzari
Cheibriados
Dithmenos
Elyvilon
Fedhas
Gozag
Hepliaklqana
Kikubaaqudgha
Makhleb
Nemelex Xobeh
Okawaru
Qazlal
Ru
Sif Muna
Trog
Uskayaw
Vehumet
Wu Jian
Xom
Yredelemnul
Zin
The Shining One
Jiyva
Lugonu

Shops:
D:1 =

Portals:
Abyss: D:4

Annotations:
D:3 2 transporters
D:10 Urug


Innate Abilities, Weirdness & Mutations

You thrive by killing the living.
You are immune to poison.
You have sharp fingernails.
Your flesh is cold resistant. (rC+)
You are immune to negative energy. (rN+++)
You do not regenerate when monsters are visible.
You are immune to unholy pain and torment.


Message History

You are too injured to fight recklessly!
You are too injured to fight recklessly!
You are too injured to fight recklessly!
You are too injured to fight recklessly!
You are too injured to fight recklessly!
You are too injured to fight recklessly!
You are too injured to fight recklessly!
You are too injured to fight recklessly!
You are too injured to fight recklessly!
You are too injured to fight recklessly!
You are too injured to fight recklessly!
You are too injured to fight recklessly!
You are too injured to fight recklessly!
You are too injured to fight recklessly!
You are too injured to fight recklessly!
You are too injured to fight recklessly!
You are too injured to fight recklessly!
You are too injured to fight recklessly!
You are too injured to fight recklessly!
You are too injured to fight recklessly!
You are too injured to fight recklessly!
You are too injured to fight recklessly!
You are too injured to fight recklessly!
You are too injured to fight recklessly!
You are too injured to fight recklessly!
You are too injured to fight recklessly!
You are too injured to fight recklessly!
You are too injured to fight recklessly!
You are too injured to fight recklessly!
You are too injured to fight recklessly!
You are too injured to fight recklessly!
You are too injured to fight recklessly!
You hear a slurping noise.
The jelly splits in two!
Urug hits you with a +0 vorpal scimitar!!
* * * LOW HITPOINT WARNING * * *
x2 You hear a slurping noise.
Urug hits you with a +0 vorpal scimitar!
* * * LOW HITPOINT WARNING * * *
You die...

##..### #....# #.)...
##.... #.... ##### ###..
#####.<.#### ##.
.......(....############
##
.........(.(@..........##
#
.......(JJ..(o..........#
#
.....###############....##
# ##### ##....# # ##...# #
#### ##....# # ###..###
#####.....# ## #......###
####.........###.
......)..###
####.(..............


You could see Urug and 2 neutral jellies(fellow slime).

Vanquished Creatures
  A two-headed ogre (D:10)
  Maggie (D:6)
  A kobold demonologist (D:9)
  A komodo dragon (D:9)
  2 hornets (D:9)
  Grinder (Sewer)
  A wraith (D:6)
  A vampire (D:9)
  3 yaks
  Duvessa (D:6)
  An acid dragon (D:5)
  2 water moccasins
  2 sky beasts
  5 orc warriors
  An ice beast (D:8)
  2 black bears
  A necrophage (D:7)
  4 ogres
  3 centaurs
  3 phantoms
  Blork the orc (D:4)
  A kobold brigand (D:10)
  A gnoll sergeant (D:9)
  A bullfrog (D:8)
  4 scorpions
  A wyvern zombie (D:6)
  Dowan (D:6)
  2 wights (Sewer)
  7 killer bees (D:9)
  5 orc priests
  A hound (D:6)
  A centaur skeleton (D:7)
  2 iguanas
  2 orc wizards
  A hound skeleton (D:4)
  2 howler monkey zombies (D:9)
  11 adders
  8 gnolls
  2 shadow imps (Sewer)
  3 ufetubi (Sewer)
  An adder skeleton (D:5)
  3 worms
  2 dart slugs
  29 orcs
  10 giant cockroaches
  5 goblins
  6 hobgoblins
  3 quokkas
  3 ball pythons
  4 bats
  2 frilled lizards
  2 giant cockroach zombies (Sewer)
  26 kobolds
  6 rats
196 creatures vanquished.

Vanquished Creatures (collateral kills)
  Joseph (D:7)
  A gargoyle (D:10)
  An orc (D:10)
3 creatures vanquished.

Vanquished Creatures (others)
  Sigmund (D:6)
  An orc warrior (D:6)
  A phantom (D:4)
  6 centaurs (D:7)
  2 kobold brigands
  A scorpion (D:4)
  A killer bee (D:9)
  12 jellies
  A centaur zombie (D:8)
  4 orc priests
  An iguana (D:5)
  4 orc wizards
  An adder skeleton (D:2)
  A dart slug (D:4)
  17 orcs
  A bat (D:2)
  2 endoplasms (Sewer)
  A giant cockroach (D:2)
  A goblin (D:2)
  2 hobgoblins (D:4)
  2 frilled lizards
  11 kobolds
  A rat (D:2)
  36 plants (D:9)
111 creatures vanquished.

Grand Total: 310 creatures vanquished

Notes
Turn   | Place    | Note
-------+----------+-------------------------------------------
     0 | D:1      | HallandMoats the Ghoul Fighter began the quest for the Orb.
     0 | D:1      | Reached XP level 1. HP: 19/19 MP: 0/0
   243 | D:1      | Reached XP level 2. HP: 26/26 MP: 1/1
   285 | D:1      | Found a faded altar of an unknown god.
   360 | D:1      | Prayed at the altar of an unknown god.
   360 | D:1      | Became a worshipper of Jiyva Jehenkea the Shapeless
   360 | D:1      | Reached * piety under Jiyva
   403 | D:1      | Reached skill level 1 in Invocations
   526 | D:1      | Found Tuenan's Jewellery Emporium.
   853 | D:2      | Reached ** piety under Jiyva
   870 | D:2      | Reached XP level 3. HP: 30/31 MP: 1/3
  1095 | D:2      | Reached XP level 4. HP: 39/39 MP: 4/4
  1127 | D:2      | Reached skill level 2 in Invocations
  1263 | D:2      | Reached *** piety under Jiyva
  1380 | D:3      | Found a transporter.
  1392 | D:3      | Found a hazy altar of Hepliaklqana.
  1451 | D:3      | Found a transporter.
  1515 | D:3      | Reached skill level 1 in Dodging
  1611 | D:3      | Found a shimmering blue altar of Sif Muna.
  1612 | D:3      | Found an opulent altar of Gozag.
  1618 | D:3      | Found a blossoming altar of Fedhas.
  1710 | D:3      | Found an iron altar of Okawaru.
  1775 | D:4      | Reached **** piety under Jiyva
  1799 | D:4      | Found a staircase to the Ecumenical Temple.
  1813 | D:4      | Noticed Blork the orc
  1828 | Temple   | Entered the Ecumenical Temple
  1844 | D:4      | Noticed a phantom
  1884 | Temple   | Killed a phantom
  1885 | Temple   | Reached XP level 5. HP: 46/46 MP: 4/6
  1894 | D:4      | Killed Blork the orc
  1895 | D:4      | Reached skill level 3 in Invocations
  1895 | D:4      | Reached XP level 6. HP: 40/52 MP: 7/7
  1920 | D:4      | Found a glowing drain.
  1978 | Sewer    | Entered a sewer
  2145 | Sewer    | Noticed Grinder
  2153 | Sewer    | Paralysed by Grinder for 4 turns
  2158 | Sewer    | Killed Grinder
  2159 | Sewer    | Reached skill level 4 in Invocations
  2159 | Sewer    | Reached XP level 7. HP: 5/59 MP: 7/9
  2177 | Sewer    | Found an ancient bone altar of Kikubaaqudgha.
  2368 | D:4      | Found a shadowy altar of Dithmenos.
  2425 | D:4      | Found a large runed translucent door.
  2426 | D:4      | Found a large runed translucent door.
  2426 | D:4      | Found a corrupted altar of Lugonu.
  2586 | D:4      | Found a one-way gate to the infinite horrors of the Abyss.
  2639 | D:4      | Reached ***** piety under Jiyva
  2976 | D:5      | Entered Level 5 of the Dungeon
  3021 | D:5      | Reached XP level 8. HP: 53/67 MP: 10/10
  3266 | D:5      | Reached skill level 5 in Invocations
  3725 | D:6      | Noticed a wraith
  3733 | D:6      | Killed a wraith
  3734 | D:6      | Reached skill level 5 in Fighting
  3751 | D:6      | Reached skill level 5 in Polearms
  3889 | D:6      | Found a basalt altar of Yredelemnul.
  3890 | D:6      | Noticed Duvessa
  3890 | D:6      | Noticed Dowan
  3909 | D:6      | Killed Duvessa
  3920 | D:6      | Killed Dowan
  3921 | D:6      | Reached skill level 6 in Invocations
  3926 | D:6      | HP: 2/68 [wyvern zombie (4)]
  3929 | D:6      | Reached XP level 9. HP: 5/74 MP: 12/12
  4132 | D:6      | Noticed Maggie
  4145 | D:6      | Killed Sigmund
  4162 | D:6      | Killed Maggie
  4542 | D:7      | Noticed Joseph
  4553 | D:7      | Killed Joseph
  4554 | D:7      | Reached skill level 7 in Invocations
  5272 | D:7      | Noticed a two-headed ogre
  5298 | D:7      | Slimified a two-headed ogre
  5298 | D:7      | Noticed an azure jelly
  5298 | D:7      | a two-headed ogre changed into an azure jelly
  5388 | D:7      | Reached skill level 1 in Slings
  5404 | D:7      | Found an ornate altar of the Wu Jian Council.
  5465 | D:7      | Reached skill level 5 in Armour
  5579 | D:7      | Reached skill level 5 in Shields
  6117 | D:8      | Reached XP level 10. HP: 82/83 MP: 14/14
  6535 | D:8      | Reached ****** piety under Jiyva
  6765 | D:4      | Identified the +0 robe of Hedging {Regen+ Dex+3}
  7076 | D:9      | Reached skill level 8 in Invocations
  7157 | D:9      | Found a staircase to the Lair.
  7602 | D:10     | Entered Level 10 of the Dungeon
  7619 | D:10     | Noticed a gargoyle
  7637 | D:10     | Killed a gargoyle
  7712 | D:10     | Reached skill level 5 in Dodging
  7872 | D:10     | Noticed a kobold demonologist
  7875 | D:10     | Noticed a smoke demon
  7880 | D:10     | Noticed a soul eater
  7945 | D:10     | Noticed a smoke demon
  7949 | D:10     | Noticed an orange demon
  7963 | D:9      | Killed a kobold demonologist
  8125 | D:10     | Noticed a two-headed ogre
  8127 | D:10     | Reached skill level 5 in Slings
  8135 | D:10     | Killed a two-headed ogre
  8136 | D:10     | Reached XP level 11. HP: 71/92 MP: 16/16
  8243 | D:10     | Got the Compendium of Curses and the Rocks
  8395 | D:10     | Noticed Urug
  8408 | D:10     | HP: 1/92 [Urug (13)]
  8408 | D:10     | Slain by Urug

Illustrated notes

Levels and vault maps discovered:
D:1:      mrwooster_arrival_statue, layout_basic, serial_shops,
          nicolae_shop_trees, ebering_ecumenical_altar_rust
D:2:      layout_basic
D:3:      gammafunk_steamed_eel, layout_rooms, okawaru_ov_weapons_minmay,
          nicolae_hepliaklqana_hazy_memory, minitemple
D:4:      due_chaos_kobolds, layout_basic, amcnicky_altar_gilded,
          minmay_temple_entry_slanted, gup_sewer_entry_glass,
          minmay_misc_feat_iff, minmay_misc_feat_x, st_stairs_7,
          minmay_manual_monstrance, uniq_blork_the_orc
D:5:      layout_loops_cross, grunt_ministairs_13, hex_medium,
          corexii_corridor_pit
D:6:      layout_rooms, mainiacjoe_overflow_small_starburst, uniq_maggie,
          uniq_sigmund, uniq_duvessa
D:7:      layout_loops_ring, mainiacjoe_overflow_six_doors_small, centaur_isle,
          uniq_joseph
D:8:      layout_basic
D:9:      layout_long_grid, david_lair_shrubbed, dk_noncrumbling_2,
          chequers_serial_rivers_small_b, nrook_mini_backslash
D:10:     layout_layer_cave, special_room [special_room_orc],
          lemuel_flame_loot_1, uniq_urug
Temple:   minmay_temple_curvy_branch

Skill      XL: |  1  2  3  4  5  6  7  8  9 10 |
---------------+-------------------------------+-----
Polearms       | 2 3 4 5 6 |  6.1
Invocations    | 1 2 3 4 6 7 8 |  8.7
Armour         | 3 4 5 6 |  6.3
Shields        | 3 4 5 |  5.0
Dodging        | 1 2 3 4 5 |  5.6
Fighting       | 4 5 6 7 |  7.5
Slings         | 1 5 |  5.4

Action                   |  1- 3 |  4- 6 |  7- 9 | 10-12 || total
-------------------------+-------+-------+-------+-------++-------
Melee: Trident           |    78 |   124 |     1 |       ||   203
       Halberd           |       |   103 |   275 |       ||   378
       Hand axe          |       |       |     1 |     9 ||    10
 Fire: Hunting sling     |       |       |    54 |   302 ||   356
Invok: Slimify           |       |       |     1 |       ||     1
Evoke: Wand              |       |       |     4 |       ||     4
  Use: Potion            |       |     2 |     3 |       ||     5
Armor: Scale mail        |    17 |   135 |    90 |       ||   242
       Leather armour    |       |       |    31 |       ||    31
       Swamp dragon scal |       |       |    11 |    39 ||    50
       Plate armour      |       |       |       |    32 ||    32
Dodge: Dodged            |    21 |   150 |   208 |    88 ||   467
Block: Buckler           |     8 |    20 |     8 |    38 ||    74

Table legend: (Time is in decaauts)
 A = Elapsed time spent in this place.
 B = Non-inter-level travel time spent in this place.
 C = Inter-level travel time spent in this place.
 D = Time resting spent in this place.
 E = Time spent auto-exploring this place.
 F = Levels seen in this place.
 G = Mean time per level.
                   A        B        C        D        E       F      G
               +--------+--------+--------+--------+--------+-----+--------+
         Total |   8588 |   7739 |    849 |     21 |   5639 |  12 |  715.7 |
       Dungeon |   7854 |   7013 |    841 |     12 |   5225 |  10 |  785.4 |
        Temple |    303 |    295 |      8 |      9 |    243 |   1 |  303.0 |
         Sewer |    430 |    430 |      0 |      0 |    170 |   1 |  430.0 |
               +--------+--------+--------+--------+--------+-----+--------+

Top non-repeatable levels by time:
     D:6: 1042 daAuts
     D:7: 959 daAuts
     D:4: 953 daAuts
     D:9: 852 daAuts
     D:1: 840 daAuts
     D:5: 754 daAuts
    D:10: 711 daAuts
     D:8: 607 daAuts
     D:2: 600 daAuts
     D:3: 532 daAuts
   Sewer: 430 daAuts
  Temple: 303 daAuts
